 Dungeon Crawl Stone Soup version 0.21.0-3-g78d12a8 (webtiles) character file.

29 FrothyCoffee the Firebug (level 3, -1/26 HPs)
             Began as a Draconian Fire Elementalist on Jan 9, 2018.
             Slain by a bullfrog (5 damage)
             ... on level 2 of the Dungeon.
             The game lasted 00:04:40 (1753 turns).

FrothyCoffee the Firebug (DrFE)                     Turns: 1753, Time: 00:04:40

Health: -1/26      AC:  5    Str: 10    XL:     3   Next: 1%
Magic:  1/6        EV: 12    Int: 16    God:
Gold:   52         SH:  0    Dex: 11    Spells: 3/6 levels left

rFire    . . .     SeeInvis .   c - +1 dagger (flame)
rCold    . . .     Gourm    .   (no shield)
rNeg     . . .     Faith    .   (armour unavailable)
rPois    .         Spirit   .   (helmet restricted)
rElec    .         Reflect  .   (no cloak)
rCorr    .         Harm     .   (no gloves)
MR       .....                  (no boots)
Stlth    ++........             (no amulet)
HPRegen  0.08/turn              (no ring)
MPRegen  0.10/turn              (no ring)

@: about to teleport
A: unfitting armour, cold-blooded, AC +5
a: no special abilities


You were on level 2 of the Dungeon.
You were not hungry.

You visited 1 branch of the dungeon, and saw 3 of its levels.

You collected 52 gold pieces.

Inventory:

Hand Weapons
 c - a +1 dagger of flaming (weapon)
Scrolls
 d - 2 scrolls of amnesia {unknown}
 e - 2 scrolls of identify {unknown}
 i - a scroll of blinking {unknown}
Books
 a - a book of Flames

   Spells                             Type                      Level
   a - Flame Tongue                   Conjuration/Fire             1
   b - Throw Flame                    Conjuration/Fire             2
   c - Conjure Flame                  Conjuration/Fire             3
   d - Inner Flame                    Hexes/Fire                   3
   e - Sticky Flame                   Conjuration/Fire             4
   f - Fireball                       Conjuration/Fire             5
Comestibles
 b - 4 rations


   Skills:
 - Level 1.7 Dodging
 - Level 1.7 Stealth
 + Level 2.4 Spellcasting
 + Level 1.8 Conjurations
 + Level 3.4 Fire Magic


You had 3 spell levels left.
You knew the following spells:

 Your Spells              Type           Power        Failure   Level  Hunger
a - Flame Tongue          Conj/Fire      ##...        7%          1    #......
b - Throw Flame           Conj/Fire      ##....       10%         2    ###....


Dungeon Overview and Level Annotations

Branches:
Dungeon (3/15)

Altars:

Annotations:
D:2 exclusion: downstairs


Innate Abilities, Weirdness & Mutations

Your plain brown scales are hard. (AC +5)
You cannot fit into any form of body armour.
You are cold-blooded and may be slowed by cold attacks.


Message History

The flame tongue hits the bullfrog.
The bullfrog is severely wounded.
The bullfrog hits you.
* * * LOW HITPOINT WARNING * * *
The bullfrog hits you but does no damage.
The bullfrog hits you.
* * * LOW HITPOINT WARNING * * *
The bullfrog completely misses you.
You aren't carrying any potions.
As you read the scroll labeled BISOMU SALADIA, it crumbles to dust.
It is a scroll of enchant armour.
You aren't carrying any armour which can be enchanted further.
The bullfrog hits you but does no damage.
The bullfrog hits you.
* * * LOW HITPOINT WARNING * * *
As you read the scroll labeled YXKEKI WAGYI, it crumbles to dust.
You feel strangely unstable.
It was a scroll of teleportation.
The bullfrog barely misses you. The bullfrog hits you.
You die...

............# ##.......# #....
...........## #.#.....# #....
...........# #.#.....######....
...........# #.#...........#.##
...........# #.#...).......#.##
...>.......# #.#...............
...........# #.#...............
###........# #F##..#...........
#........#####@##..#...........
######.........##..#...........
#.#####...##..#........... #.#
#.........#...........
#.###.#.......#...........
#..)..#...#####...........
#######.....#.....#(###...
#...#.#.#.#.#.# #.<. ########
#.#.#.#.#.#.#.# #...


You could see a bullfrog.

Vanquished Creatures
  3 leopard geckos (D:2)
  A ball python (D:2)
  2 giant cockroaches
  4 goblins
  3 hobgoblins
  A kobold (D:1)
  4 bats
  2 frilled lizards
  3 rats
23 creatures vanquished.

Notes
Turn   | Place    | Note
-------+----------+-------------------------------------------
     0 | D:1      | FrothyCoffee the Draconian Fire Elementalist began the quest for the Orb.
     0 | D:1      | Reached XP level 1. HP: 14/14 MP: 3/3
     2 | D:1      | Noticed a merfolk
     2 | D:1      | Noticed a tengu
     6 | D:1      | Noticed a demonspawn
     6 | D:1      | Noticed a spriggan
     8 | D:1      | Noticed a vine stalker
     8 | D:1      | Noticed a demigod
    10 | D:1      | Noticed a vampire
    10 | D:1      | Noticed a halfling
    12 | D:1      | Noticed a dwarf
    14 | D:1      | Noticed a naga
    14 | D:1      | Noticed a minotaur
    16 | D:1      | Noticed an octopode
    16 | D:1      | Noticed an elf
    18 | D:1      | Noticed a gargoyle
    18 | D:1      | Noticed a troll
    20 | D:1      | Noticed an ogre
    20 | D:1      | Noticed a human
    22 | D:1      | Noticed a draconian
    22 | D:1      | Noticed a formicid
    24 | D:1      | Noticed a centaur
    24 | D:1      | Noticed a ghoul
    26 | D:1      | Noticed a felid
   353 | D:1      | You fall through a shaft!
   574 | D:2      | Reached XP level 2. HP: 20/20 MP: 1/5
   582 | D:2      | Learned a level 2 spell: Throw Flame
  1551 | D:3      | Noticed a bullfrog
  1665 | D:3      | Reached XP level 3. HP: 26/26 MP: 0/6
  1753 | D:2      | Slain by a bullfrog

Action                   || total
-------------------------++-------
Melee: Dagger            ||     3
 Cast: Flame Tongue      ||    41
       Throw Flame       ||     8
  Use: Scroll            ||     2
  Eat: Chunk             ||     2
       Ration            ||     1
Armor: Skin              ||    16
Dodge: Dodged            ||    18
